Map: Acropolis LE

Players

Neeb

  • Race: Protoss Protoss
  • Spawn Location: 11:00

Serral - Winner!

  • Race: Zerg Zerg
  • Spawn Location: 5:00

Event: 2019 WCS Summer

VOD

Have the link to the VOD?

Description

Time

  • Played on: July 14, 2019, 10:58 a.m.
  • Length: 18:13

All games in this series

Show
View Real Time Build Order
Export as new Build Order

Neeb Protoss 

Build Orders: 1 Gate Expand, Phoenix Opening, Archon Immortal 

Get SALT Encoding   

  12  0:00  Probe  
  13  0:12  Probe  
  14  0:17  Pylon  
  14  0:24  Probe  
  14  0:28  Assimilator  
  15  0:32  Probe  
  15  0:42  Probe  
  16  0:43  Gateway  
  17  0:54  Probe  
  18  1:06  Probe  
  19  1:18  Probe  
  20  1:25  Nexus  
  20  1:33  Cybernetics Core  
  20  1:35  Probe  
  21  1:40  Assimilator  
  21  1:47  Probe  
  21  1:50  Pylon  
  22  2:08  Pylon  
  23  2:16  Adept  
  23  2:37  Adept  
  23  2:47  Probe  
  26  2:53  Probe  
  27  2:59  Adept  
  27  3:00  Probe  
  27  3:05  Probe, Stargate  
  29  3:09  Probe  
  32  3:17  Probe x2  
  33  3:27  Probe  
  34  3:29  Probe, Adept, Warp Gate  
  38  3:39  Probe  
  39  3:41  Probe  
  39  3:43  Phoenix  
  39  3:46  Pylon  
  40  3:51  Probe  
  40  3:54  Probe  
  44  4:02  Assimilator  
  42  4:03  Probe  
  42  4:05  Assimilator, Oracle  
  42  4:06  Probe  
  44  4:15  Probe  
  48  4:18  Probe  
  49  4:27  Probe  
  49  4:31  Probe  
  49  4:34  Pylon  
  49  4:35  Twilight Council  
  49  4:38  Gateway x2  
  49  4:40  Probe  
  49  4:43  Probe  
  49  4:45  Adept  
  53  4:52  Probe  
  53  4:54  Resonating Glaives  
  53  4:55  Probe  
  53  4:56  Pylon  
  55  5:05  Probe  
  55  5:06  Robotics Facility  
  56  5:07  Probe  
  57  5:17  Probe  
  57  5:19  Probe  
  59  5:23  Adept  
  59  5:28  Nexus  
  61  5:32  Pylon  
  61  5:33  Adept  
  61  5:34  Adept  
  65  5:41  Probe x2  
  67  5:46  Adept, Pylon  
  67  5:47  Immortal  
  69  5:55  Adept x2  
  73  6:01  Probe  
  73  6:04  Probe  
  79  6:07  Pylon  
  79  6:11  Adept  
  79  6:13  Probe  
  79  6:16  Probe, Adept  
  86  6:25  Probe  
  86  6:27  Immortal  
  86  6:28  Probe  
  91  6:35  Forge  
  91  6:36  Probe  
  91  6:37  Templar Archives  
  91  6:38  Probe x2  
  92  6:42  Pylon  
  92  6:44  Probe  
  92  6:46  Probe  
  94  6:50  Probe  
  97  6:55  Probe  
  97  6:56  Immortal  
  97  6:58  Probe  
  97  7:04  Probe  
  97  7:08  Probe  
  89  7:13  Probe  
  89  7:15  Assimilator, Adept x3  
  94  7:16  Assimilator  
  94  7:21  Gateway  
  94  7:22  Charge  
  92  7:25  Protoss Ground Weapons Level 1  
  92  7:31  Gateway x2  
  92  7:34  Immortal  
  92  7:36  Psionic Storm  
  96  7:43  Gateway  
  96  7:45  Pylon  
  96  7:47  High Templar x2  
  96  7:48  High Templar  
  102  7:52  Gateway  
  102  7:56  Pylon  
  102  7:59  Photon Cannon  
  102  8:05  Pylon  
  102  8:06  Observer  
  102  8:18  Probe  
  104  8:27  High Templar  
  104  8:28  High Templar x3  
  104  8:29  Warp Prism  
  104  8:32  Probe  
  113  8:34  Probe, Gateway  
  113  8:37  Photon Cannon  
  113  8:38  Nexus  
  113  8:39  Gateway, Pylon  
  116  8:41  Pylon  
  116  8:42  Photon Cannon  
  116  8:45  Pylon  
  115  8:53  High Templar x2  
  115  8:54  Zealot x2  
  121  8:57  Immortal  
  121  8:58  Archon  
  121  9:05  Probe  
  121  9:06  Probe  
  121  9:09  Nexus  
  127  9:10  Pylon  
  127  9:11  Zealot x2, High Templar x2  
  127  9:16  Archon  
  135  9:19  Stalker x2  
  135  9:23  Archon  
  139  9:26  Stalker x2, Probe x2, Immortal  
  139  9:29  Probe  
  136  9:35  Pylon  
  136  9:38  Probe x2, Archon  
  138  9:40  Zealot x2  
  138  9:41  Probe  
  133  9:47  Archon  
  129  9:59  Nexus  
  125  10:01  Probe  
  125  10:02  Probe  
  127  10:07  High Templar x3  
  127  10:08  Zealot x5, Protoss Ground Weapons Level 2  
  127  10:11  Shield Battery  
  127  10:14  Shield Battery  
  143  10:16  Shield Battery  
  141  10:23  Probe x2  
  141  10:27  Immortal  
  144  10:28  Probe  
  144  10:30  High Templar x2  
  144  10:35  Zealot x3  
  158  10:43  Assimilator  
  158  10:47  Assimilator  
  152  10:56  High Templar x2  
  156  10:57  Immortal  
  156  11:02  Archon  
  156  11:03  Zealot x6  
  152  11:05  Archon  
  147  11:12  Probe  
  147  11:13  Probe  
  147  11:14  Probe  
  150  11:20  Pylon  
  140  11:30  Observer  
  140  11:32  High Templar x3  
  147  11:43  Zealot, High Templar  
  147  11:44  Zealot  
  147  11:45  Immortal  
  153  11:53  High Templar, Nexus  
  159  11:54  High Templar, Pylon  
  159  11:57  Pylon  
  159  12:01  Archon  
  161  12:04  Zealot x5  
  157  12:15  Immortal  
  155  12:16  Photon Cannon  
  155  12:20  Photon Cannon  
  154  12:22  Shield Battery  
  154  12:25  High Templar  
  154  12:26  High Templar x2  
  154  12:27  Zealot x4, High Templar  
  174  12:33  Archon x2, Nexus  
  174  12:40  Photon Cannon  
  174  12:42  Shield Battery  
  174  12:43  Shield Battery  
  174  12:48  Zealot x3  
  174  12:49  Zealot  
  182  12:54  Protoss Ground Weapons Level 3  
  178  13:06  Fleet Beacon  
  178  13:09  Stargate  
  178  13:10  Stargate  
  174  13:13  Protoss Air Weapons Level 1, Zealot x2  
  174  13:14  Blink  
  168  13:27  Zealot x6  
  180  13:41  Probe x3  
  180  13:43  Probe  
  180  13:47  Probe, Tempest x2  
  185  13:49  Tempest  
  185  13:53  Probe  
  185  13:54  Nexus  
  193  14:10  Pylon  
  193  14:13  Assimilator  
  193  14:14  Assimilator  
  183  14:22  High Templar x2  
  183  14:23  Zealot x2, High Templar x4  
  160  14:34  Tempest x2  
  148  14:55  Zealot x7  
  148  14:56  Zealot  
  146  15:19  Immortal  
  146  15:23  High Templar x3  
  146  15:24  Zealot x2, High Templar  
  146  15:25  Zealot x2  
  146  15:28  Archon x2, Nexus  
  166  15:32  Pylon  
  166  15:55  High Templar x4, Immortal, Zealot  
  166  15:56  Zealot x3  
  182  15:59  Archon  
  182  16:00  Archon  
  182  16:03  Pylon  
  183  16:06  Assimilator  
  183  16:10  Assimilator  
  183  16:17  Zealot x2  
  183  16:19  Zealot x2  
  173  16:30  Zealot  
  165  16:33  Zealot  
  165  16:34  Zealot x2  
  169  16:42  Probe x3  
  169  16:44  Probe  
  171  16:47  High Templar x4  
  171  16:49  Oracle  
  171  16:51  Archon  
  171  16:52  Archon  
  178  16:56  Observer, Probe x2  
  178  17:00  Photon Cannon  
  179  17:19  Zealot x8  
  180  17:28  Immortal  
  165  17:40  Zealot x8  
  156  17:48  Archon  
  119  17:52  Archon  
  97  18:01  Stalker x7  
Show
View Real Time Build Order
Export as new Build Order

Serral Zerg - Winner!

Build Orders: Pool First, Brood Lord Corruptor 

Get SALT Encoding   

  12  0:17  Spawning Pool  
  11  0:22  Drone  
  11  0:26  Drone  
  13  0:30  Drone  
  14  0:41  Overlord  
  14  1:04  Zergling x4  
  16  1:05  Zergling x2  
  17  1:15  Zergling x2  
  17  1:18  Hatchery  
  17  1:26  Zergling x2  
  18  1:38  Queen  
  20  1:44  Drone  
  21  1:51  Overlord  
  21  1:59  Drone  
  22  2:09  Drone, Extractor  
  22  2:14  Queen  
  23  2:21  Drone  
  25  2:30  Drone, Queen  
  25  2:31  Drone  
  28  2:40  Drone  
  28  2:43  Drone  
  30  2:48  Drone x3  
  33  2:55  Drone  
  33  2:56  Drone  
  34  3:07  Drone x2  
  34  3:10  Metabolic Boost  
  36  3:15  Overlord  
  36  3:21  Overlord  
  36  3:33  Zergling x6  
  39  3:34  Drone x2  
  39  3:39  Drone x3  
  39  3:40  Drone  
  45  3:46  Drone  
  45  3:56  Drone x4  
  45  3:58  Drone  
  49  4:04  Spore Crawler  
  48  4:11  Drone x2  
  50  4:19  Spore Crawler  
  50  4:20  Drone x3  
  50  4:23  Hatchery, Overlord  
  52  4:25  Overlord  
  52  4:33  Extractor  
  52  4:34  Overlord  
  51  4:41  Lair, Queen  
  51  4:42  Spore Crawler  
  51  4:44  Drone x4  
  56  4:46  Drone  
  56  4:50  Drone  
  58  4:53  Extractor  
  58  4:59  Overlord  
  57  5:00  Drone  
  57  5:02  Drone  
  57  5:03  Drone x2  
  61  5:08  Zergling x2  
  61  5:10  Spore Crawler  
  61  5:13  Overlord  
  61  5:18  Drone  
  62  5:26  Baneling Nest  
  62  5:27  Zergling x2  
  61  5:28  Zergling x2  
  61  5:33  Overlord  
  61  5:35  Queen  
  64  5:36  Zergling x6  
  67  5:43  Hydralisk Den, Drone x2  
  68  5:53  Drone x2  
  68  5:55  Drone x2  
  71  5:58  Overlord  
  71  6:02  Overlord  
  71  6:08  Drone x2  
  71  6:10  Overlord  
  75  6:11  Drone x3  
  75  6:16  Muscular Augments  
  76  6:20  Baneling  
  76  6:21  Baneling x4  
  75  6:28  Zergling x2  
  75  6:29  Zergling x14, Extractor  
  75  6:30  Baneling x3, Extractor  
  75  6:31  Baneling  
  80  6:36  Overseer  
  80  6:42  Drone  
  80  6:43  Drone x5  
  80  6:46  Extractor  
  85  6:51  Zergling x8  
  89  6:58  Queen x2  
  89  7:07  Drone x3  
  89  7:08  Drone x3  
  89  7:10  Drone x3  
  88  7:15  Centrifical Hooks, Overlord  
  88  7:21  Hydralisk x5  
  98  7:24  Hatchery  
  98  7:25  Pneumatized Carapace  
  98  7:27  Grooved Spines  
  97  7:30  Overlord  
  97  7:31  Hydralisk, Drone  
  99  7:38  Drone x2  
  99  7:41  Hydralisk  
  102  7:46  Hydralisk x2  
  102  7:50  Hydralisk x3, Overlord  
  102  7:51  Hydralisk x2  
  115  8:01  Drone  
  115  8:02  Infestation Pit  
  115  8:06  Drone x5  
  120  8:16  Drone x2  
  120  8:17  Drone  
  123  8:20  Queen  
  123  8:22  Drone  
  123  8:24  Hydralisk x2  
  123  8:26  Overlord x2  
  129  8:27  Overlord  
  129  8:32  Evolution Chamber  
  129  8:33  Evolution Chamber  
  127  8:34  Baneling  
  127  8:35  Baneling x10  
  127  8:39  Hive  
  125  8:42  Spire  
  125  8:43  Drone x5  
  129  8:50  Zergling x10  
  134  8:58  Drone x2, Extractor x2  
  131  9:05  Zerg Missile Weapons Level 1, Zerg Melee Weapons Level 1  
  131  9:08  Drone x2  
  133  9:10  Hydralisk x2, Zergling x2  
  133  9:11  Zergling x10  
  139  9:17  Baneling x6  
  139  9:18  Zergling x2  
  139  9:19  Zergling x8  
  144  9:26  Overlord  
  144  9:27  Baneling x3  
  142  9:33  Hydralisk  
  142  9:34  Hydralisk, Zergling x14  
  147  9:40  Zergling x10  
  145  9:46  Hydralisk x2  
  145  9:49  Zergling x8  
  146  9:55  Hydralisk x2  
  146  9:56  Zergling x2  
  146  9:58  Greater Spire  
  146  10:02  Overlord x2  
  146  10:08  Adrenal Glands  
  146  10:10  Drone x2  
  146  10:11  Baneling  
  146  10:12  Baneling x7  
  148  10:15  Overlord  
  148  10:17  Hatchery  
  148  10:18  Overlord  
  147  10:28  Baneling x7, Hydralisk x3  
  147  10:29  Zergling x6  
  156  10:36  Baneling x2  
  156  10:37  Zergling x16  
  161  10:51  Zergling x28  
  160  11:10  Corruptor x5  
  165  11:23  Baneling  
  165  11:24  Baneling x8  
  165  11:25  Zergling x24  
  170  11:28  Zergling x2  
  170  11:32  Overseer  
  167  11:34  Zerg Missile Weapons Level 2, Zerg Melee Weapons Level 2  
  167  11:42  Brood Lord x2, Corruptor x3  
  167  11:44  Brood Lord  
  179  11:50  Brood Lord x2  
  183  11:59  Drone  
  183  12:00  Drone x6, Extractor  
  189  12:03  Extractor  
  181  12:13  Brood Lord  
  181  12:14  Brood Lord x2  
  181  12:24  Corruptor x3  
  187  12:31  Overlord  
  187  12:32  Drone x2, Spine Crawler, Overlord  
  187  12:33  Spine Crawler  
  187  12:34  Spine Crawler  
  187  12:35  Spine Crawler  
  187  12:36  Baneling x2  
  187  12:37  Baneling x5, Spine Crawler  
  185  12:41  Zerg Flyer Weapons Level 1  
  185  12:43  Pathogen Glands  
  184  12:47  Spore Crawler  
  184  12:50  Overlord  
  183  12:55  Brood Lord x2  
  187  13:02  Baneling x10  
  185  13:09  Brood Lord  
  185  13:11  Zergling x12  
  185  13:12  Zergling x8  
  194  13:22  Zergling x2  
  194  13:23  Zergling x8  
  192  13:38  Baneling x8  
  192  13:39  Hydralisk x2  
  192  13:40  Zergling x24  
  197  13:53  Hydralisk, Zergling x2  
  186  14:09  Zergling x34  
  199  14:16  Zergling x26  
  195  14:20  Hydralisk x5  
  189  14:34  Drone x3  
  189  14:35  Drone x3  
  192  14:41  Baneling x12  
  191  14:53  Drone x3  
  191  14:57  Overlord  
  191  14:58  Overlord  
  191  15:00  Overlord, Zerg Missile Weapons Level 3, Zerg Melee Weapons Level 3  
  185  15:07  Corruptor x2  
  185  15:11  Overseer  
  189  15:16  Corruptor  
  189  15:17  Corruptor  
  193  15:25  Infestor x4  
  199  15:32  Spore Crawler x2  
  199  15:33  Spore Crawler  
  199  15:34  Zerg Flyer Weapons Level 2, Spore Crawler  
  195  15:38  Overseer  
  195  15:44  Burrow  
  195  16:00  Infestor x4  
  199  16:11  Spore Crawler  
  199  16:12  Spore Crawler x2  
  199  16:16  Drone x6  
  198  16:25  Infestor x3  
  195  16:27  Neural Parasite  
  195  16:36  Spine Crawler  
  195  16:37  Spine Crawler  
  195  16:38  Spine Crawler x2  
  189  16:46  Infestor x5  
  199  16:55  Corruptor  
  191  17:20  Corruptor x8  
  193  17:23  Zergling x2  
  193  17:24  Zergling x22  
  192  17:40  Zergling x8  
  192  17:41  Zergling x12  
  174  17:48  Zergling x16  
Tags
 
Add a new tag
Caveats
  • Supply blocks, unpowered buildings, or Contaminate may cause inaccurate times.
  • Supply counts are checked every 10 seconds.